AoeStats
← Sandeep_D_Cranky

Fortress

509282272Analyzed
4v4 RM · 7d ago on Sep 26, 2026· 56m 10s· 8 players
Game mode
Random Map
Map size
Huge
Population
200
Speed
Normal
Resources
Standard
Victory
Conquest
Starting age
Dark Age
Ending age
Imperial Age
RankedLock teamsTeams togetherTeam positionsShared explorationLock speedFull tech treeHidden civsTurbo modeCheats
Victory
Defeat
🇬🇧 Romans · United Kingdom
1374
+11
🇮🇳 Italians · India
1345
+12
🇮🇳 Danes · India
1264
+15
🇮🇳 Khmer · India
1231
+17
🇵🇪 Maya · Peru
1309
-16
🇩🇿 Saracens · Algeria
1263
-14
🇺🇾 Spanish · Uruguay
1252
-14
🇨🇳 Bengalis · China
1179
-11
theblademaster
6:35 Feudal Age
8:20 Wheelbarrow
7:34 Double-Bit Axe
7:36 Horse Collar
12:29 Castle Age
13:12 Heavy Plow
13:36 Hand Cart
15:27 Bow Saw
18:05 Loom
19:31 Gold Mining
25:00 Imperial Age
23:12 Fletching
24:13 Stone Mining
25:10 Ballistics
25:37 Fortified Wall
26:44 Town Watch
26:51 Treadmill Crane
27:30 Bodkin Arrow
28:32 Padded Archer Armor
29:16 Caravan
29:50 Bracer
30:31 Onager
33:36 Chemistry
36:04 Masonry
36:21 Scale Mail Armor
35:58 Eagle Warrior
36:39 Squires
37:15 Conscription
37:20 Chain Mail Armor
37:15 Elite Eagle Warrior
37:16 Pikeman
38:25 Halberdier
42:43 Plate Mail Armor
42:24 Forging
42:48 Holcans
44:50 Hoardings
43:48 Capped Ram
45:44 Iron Casting
47:37 Blast Furnace
47:18 Leather Archer Armor
47:11 Arson
55:16 Two-Man Saw
Kempachi
7:29 Feudal Age
12:22 Castle Age
12:35 Double-Bit Axe
14:05 Loom
15:25 Bow Saw
17:15 Horse Collar
19:37 Heavy Plow
20:55 Gold Mining
21:00 Stone Mining
23:01 Wheelbarrow
22:19 Town Watch
24:14 Hand Cart
24:48 Town Patrol
28:05 Imperial Age
26:55 Stone Shaft Mining
26:34 Padded Archer Armor
27:23 Husbandry
27:33 Bloodlines
27:45 Leather Archer Armor
30:14 Ring Archer Armor
30:42 Elite Conquistador
32:16 Conscription
33:44 Two-Man Saw
33:03 Fletching
37:28 Chemistry
36:49 Ballistics
36:24 Murder Holes
37:13 Bodkin Arrow
38:43 Coinage
39:10 Thumb Ring
38:25 Elite Skirmisher
39:48 Bracer
43:43 Masonry
44:39 Hoardings
47:28 Caravan
品浩
8:07 Feudal Age
12:19 Castle Age
10:32 Double-Bit Axe
10:48 Horse Collar
15:46 Bow Saw
16:02 Heavy Plow
18:22 Wheelbarrow
17:37 Loom
20:49 Hand Cart
22:54 Gold Mining
26:20 Imperial Age
24:05 Stone Mining
25:05 Gold Shaft Mining
24:55 Fletching
25:06 Padded Archer Armor
25:29 Town Watch
27:47 Town Patrol
28:50 Two-Man Saw
28:23 Crop Rotation
27:53 Bodkin Arrow
28:13 Leather Archer Armor
27:46 Elite Elephant Archer
30:08 Bloodlines
29:59 Husbandry
30:11 Bracer
30:42 Ring Archer Armor
31:24 Conscription
31:54 Ballistics
32:35 Chemistry
31:41 Siege Engineers
32:14 Light Cavalry
33:07 Paiks
34:24 Ring Archer Armor
34:00 Scale Barding Armor
34:06 Forging
36:27 Chain Barding Armor
37:12 Caravan
38:36 Mahayana
39:00 Plate Barding Armor
42:29 Iron Casting
44:28 Blast Furnace
47:14 Onager
HDm
8:34 Feudal Age
10:26 Double-Bit Axe
12:57 Castle Age
10:40 Horse Collar
13:03 Wheelbarrow
14:33 Bow Saw
18:35 Heavy Plow
20:12 Gold Mining
20:54 Stone Mining
26:31 Imperial Age
24:50 Gold Shaft Mining
25:27 Hand Cart
24:57 Loom
26:09 Scale Barding Armor
26:34 Bloodlines
26:24 Husbandry
27:06 Forging
27:59 Chain Barding Armor
28:43 Chemistry
27:40 Heavy Camel Rider
27:51 Capped Ram
29:29 Plate Barding Armor
29:31 Iron Casting
28:59 Padded Archer Armor
30:14 Leather Archer Armor
31:13 Blast Furnace
30:05 Fletching
30:30 Caravan
31:01 Coinage
31:34 Two-Man Saw
30:13 Siege Ram
45:32 Ring Archer Armor
45:05 Scale Mail Armor
45:03 Bodkin Arrow
53:32 Elite Mameluke
54:34 Conscription
Mikey
5:31 Loom
7:32 Feudal Age
11:45 Castle Age
9:41 Double-Bit Axe
16:03 Bow Saw
17:20 Horse Collar
19:15 Wheelbarrow
21:10 Gold Mining
21:13 Stone Mining
22:07 Hand Cart
22:50 Gold Shaft Mining
23:05 Stone Shaft Mining
26:43 Imperial Age
25:52 Caravan
26:26 Coinage
26:35 Scale Mail Armor
26:51 Pikeman
27:31 Squires
27:17 Arson
27:50 Chain Mail Armor
27:46 Forging
27:01 Hamask
28:02 Conscription
28:59 Banking
27:58 Halberdier
28:25 Onager
28:28 Northmen's Fury
30:18 Plate Mail Armor
30:47 Iron Casting
33:39 Siege Onager
39:27 Capped Ram
41:10 Siege Ram
48:18 Blast Furnace
52:09 Fletching
52:53 Masonry
53:09 Bodkin Arrow
Lilbalayya
7:12 Feudal Age
11:17 Castle Age
10:08 Double-Bit Axe
10:21 Horse Collar
10:34 Stone Mining
10:36 Gold Mining
12:55 Bow Saw
16:46 Heavy Plow
17:36 Wheelbarrow
18:36 Gold Shaft Mining
18:42 Stone Shaft Mining
20:01 Hand Cart
26:25 Imperial Age
24:53 Forging
24:48 Scale Barding Armor
24:53 Forging
25:25 Bloodlines
25:15 Husbandry
27:53 Iron Casting
27:38 Chain Barding Armor
27:53 Iron Casting
27:38 Chain Barding Armor
28:10 Light Cavalry
30:14 Blast Furnace
30:26 Plate Barding Armor
30:10 Cavalier
31:02 Hussar
36:24 Conscription
36:40 Crop Rotation
39:03 Elite Battle Elephant
39:46 Tusk Swords
Soul Ledger
8:35 Feudal Age
8:56 Loom
12:50 Castle Age
10:39 Double-Bit Axe
11:06 Horse Collar
13:21 Wheelbarrow
19:53 Bow Saw
20:18 Heavy Plow
24:38 Imperial Age
22:35 Gold Mining
25:34 Siege Engineers
25:51 Ballistics
25:39 Ballistas
25:30 Heavy Scorpion
27:52 Chemistry
27:05 Masonry
30:52 Architecture
32:42 Caravan
41:32 Coinage
41:14 Guilds
45:00 Gold Shaft Mining
46:17 Capped Ram
48:20 Siege Ram
51:30 Banking
50:43 Man-at-Arms
51:25 Squires
52:08 Conscription
Sandeep_D_Cranky
8:06 Feudal Age
12:04 Castle Age
9:48 Horse Collar
9:55 Double-Bit Axe
13:17 Heavy Plow
17:27 Loom
21:39 Wheelbarrow
22:57 Bow Saw
27:01 Imperial Age
25:50 Hand Cart
25:29 Fletching
25:40 Padded Archer Armor
26:51 Scale Mail Armor
27:01 Forging
27:25 Ballistics
28:35 Crop Rotation
29:10 Two-Man Saw
28:29 Chain Mail Armor
28:19 Gold Mining
28:22 Stone Mining
29:26 Iron Casting
28:48 Bodkin Arrow
29:09 Leather Archer Armor
29:27 Squires
29:12 Arson
30:01 Plate Mail Armor
30:52 Silk Road
30:53 Conscription
31:32 Scale Barding Armor
32:28 Blast Furnace
31:32 Bracer
34:38 Ring Archer Armor
39:31 Caravan
42:41 Chemistry
41:22 Treadmill Crane
43:18 Stone Shaft Mining
45:28 Bombard Tower
46:12 Elite Genoese Crossbowman
Connection lost

Rejoining the realm…

Still unreachable

The connection could not be restored.

Session expired

The server has moved on; the page needs a fresh start.